 Dungeon Crawl Stone Soup version 0.32-a0-629-g87aaac5c70 (webtiles) character file.

Game seed: 15168074255553092130

196 Kenran the Cudgeller (level 5, -5/38 HPs)
             Began as a Mountain Dwarf Ice Elementalist on Mar 6, 2024.
             Slain by an iguana (11 damage)
             ... on level 4 of the Dungeon.
             The game lasted 00:05:56 (2864 turns).

Kenran the Cudgeller (MDIE)                         Turns: 2864, Time: 00:05:56

Health: -5/38      AC:  7    Str:  9 (12) XL:     5   Next: 46%
Magic:  7/8        EV:  9    Int: 21 (22) God:
Gold:   216        SH:  3    Dex:  7 (10) Spells: 7/8 levels left

rFire   + . .        a - +0 mace
rCold   . . .        l - +0 buckler
rNeg    . . .        e - +0 ring mail {rF+}
rPois   .            (no helmet)
rElec   .            d - +1 cloak
rCorr   .            (no gloves)
SInv    .            (no boots)
Will    .....        c - amulet of magic regeneration
Stlth   +            p - +6 ring of intelligence
HPRegen 0.26/turn    (no ring)
MPRegen 0.51/turn

%: no passive effects
@: no status effects
A: runic magic, artefact enchanting
a: no special abilities


You were on level 4 of the Dungeon.
You visited 1 branch of the dungeon, and saw 4 of its levels.

You collected 216 gold pieces.

Inventory:

Hand Weapons
 a - a +0 mace (weapon)
Armour
 d - a +1 cloak (worn)
 e - a +0 ring mail of fire resistance (worn)
 l - a +0 buckler (worn)
Jewellery
 c - an amulet of magic regeneration (around neck)
 p - a +6 ring of intelligence (left hand)
Wands
 n - a wand of flame (16)
Scrolls
 f - 6 scrolls of teleportation
 g - a scroll of enchant weapon
 h - 2 scrolls of immolation {!r}
Potions
 b - a potion of magic
 j - a potion of mutation {!q}
 k - 2 potions of brilliance
 m - a potion of attraction {!q}
 o - a potion of lignification {!q}


   Skills:
 + Level 5.8 Maces & Flails
 - Level 1.5 Dodging
 - Level 1.6 Stealth
 - Level 2.0 Spellcasting
 - Level 3.7 Ice Magic


You had 7 spell levels left.
You knew the following spells:

 Your Spells              Type           Power      Damage    Failure   Level
a - Freeze                Ice            68%        1d8       6%          1

Your spell library contained the following spells:

 Spells                   Type           Power      Damage    Failure   Level
 Frozen Ramparts          Ice            34%        1d6       19%         3
 Ozocubu's Armour         Ice            17%        N/A       19%         3
 Summon Ice Beast         Ice/Summ       9%         N/A       38%         3


Dungeon Overview and Level Annotations

Branches:
Dungeon (4/15)
 Temple: D:4-7

Altars:
Cheibriados

Shops:
D:4 [

Annotations:
D:1 exclusion: downstairs


Innate Abilities, Weirdness & Mutations

Your spellcasting is much less encumbered by armour.
You can use scrolls of enchantment on lesser artefacts.


Message History

The phantom is almost destroyed.
Your transformation is almost over.
The phantom hits you but does no damage.
You closely miss the phantom.
The phantom is almost destroyed.
The phantom hits you.
* * * LOW HITPOINT WARNING * * *
You hit the phantom.
The phantom is almost destroyed.
The phantom hits you but does no damage.
You miss the phantom.
The phantom is almost destroyed.
The phantom hits you but does no damage. x2
You closely miss the phantom.
The phantom is almost destroyed.
You block the phantom's attack.
You miss the phantom.
The phantom is almost destroyed.
The phantom hits you but does no damage.
You barely miss the phantom.
The phantom is almost destroyed.
The phantom hits you but does no damage.
You hit the phantom.
You destroy the phantom!
You feel less wooden.
Your +1 cloak unmelds from your body.
Your +0 ring mail of fire resistance unmelds from your body.
You feel resistant to fire.
You feel less attractive to monsters.
You feel your intelligence returning.
Your Maces & Flails skill increases to level 5!
You have reached level 5!
Casting: Freeze (safe; 6% risk of failure)
Confirm with . or Enter, or press ? or * to list all spells.
Aiming: Freeze (safe; 6% risk of failure)
Press: ? - help, Shift-Dir - straight line, f - iguana
Aim: an iguana You freeze the iguana!
The iguana is heavily wounded.
The iguana bites you!
You die...

##.................# .#.#######.#
....y..##......###.# #.........#
##..####............. .........+
#..# #.....#.### ### .........#
##..####..####.# .#########
......##..# #.# #... †.....##..#
#.# # ##.## ......##..#
#.###.##.#. .... ......##..##
#.l@....... #..# ......+....#
#$###.##.## #..#
......##...###.#...##.########..#
Ko....##........................#
o.....##.......#.................
.....###..###..###.##.###.##.#(.#
............$......##.....##.....
.g...###[.#.##...#.....##.####..#
!....# #.......#.......##.##....#


You could see an iguana.

Vanquished Creatures
  A phantom (D:4)
  3 gnolls
  4 adders
  2 dart slugs (D:3)
  4 orcs
  3 bats (D:1)
  6 endoplasms
  5 giant cockroaches
  6 goblins
  5 hobgoblins
  4 kobolds
  A quokka (D:3)
  3 ball pythons
  3 frilled lizards
  5 rats
55 creatures vanquished.

Notes
Turn   | Place    | Note
-------+----------+-------------------------------------------
     0 | D:1      | Kenran the Mountain Dwarf Ice Elementalist began the quest
                  | for the Orb.
     0 | D:1      | Reached XP level 1. HP: 14/14 MP: 3/3
   187 | D:1      | Found a faded altar of an unknown god.
   308 | D:1      | Reached XP level 2. HP: 20/20 MP: 2/4
   832 | D:1      | Reached skill level 1 in Maces & Flails
   845 | D:1      | You fall into a shaft and drop 1 floor!
   977 | D:1      | Reached skill level 2 in Maces & Flails
  1249 | D:2      | Reached XP level 3. HP: 26/26 MP: 6/6
  1667 | D:2      | Reached skill level 3 in Maces & Flails
  1901 | D:3      | Found a snail-covered altar of Cheibriados.
  1944 | D:3      | Reached XP level 4. HP: 32/33 MP: 4/7
  2113 | D:3      | Reached skill level 4 in Maces & Flails
  2796 | D:4      | Noticed a hornet
  2821 | D:4      | Noticed a scorpion
  2831 | D:4      | Noticed a phantom
  2832 | D:4      | Found Beshrina's Armour Boutique.
  2863 | D:4      | Killed a phantom
  2864 | D:4      | Reached skill level 5 in Maces & Flails
  2864 | D:4      | Reached XP level 5. HP: 6/38 MP: 8/8
  2864 | D:4      | Slain by an iguana

Illustrated notes

Levels and vault maps discovered:
D:1:      saegor_arrival_miasma, layout_loops_corners,
          chequers_ecumenical_altar_simple_redux, minmay_pentomino_q4
D:2:      layout_basic
D:3:      layout_loops_ring, kennysheep_slug_shrine, minmay_quadrilaterals
D:4:      layout_basic, mainiacjoe_overflow_boulevard, serial_shops,
          nicolae_take_the_stairs, nicolae_stop_n_shop_2,
          minmay_misc_feat_pillars, minmay_shop_grid_forest, minmay_manual_mail,
          uniq_blork_the_orc

Skill      XL: |  1  2  3  4 |
---------------+-------------+-----
Spellcasting   | 2 |  2.0
Maces & Flails | 2 3 5 |  5.8
Dodging        | |  1.5
Stealth        | |  1.6
Ice Magic      | |  3.7

Action                     |  1- 3 |  4- 6 || total
---------------------------+-------+-------++-------
  Melee: Unarmed           |     2 |       ||     2
         Mace              |    30 |   100 ||   130
   Cast: Freeze            |    41 |    18 ||    59
    Use: Scroll            |     5 |     4 ||     9
         Potion            |       |     3 ||     3
   Stab: Sleeping          |     1 |       ||     1
 Armour: Robe              |     3 |       ||     3
         Ring mail         |    40 |    83 ||   123
         Skin              |       |    19 ||    19
  Dodge: Dodged            |    22 |    50 ||    72
  Block: Buckler           |     4 |    15 ||    19

Table legend: (Time is in decaauts)
 A = Elapsed time spent in this place.
 B = Non-inter-level travel time spent in this place.
 C = Inter-level travel time spent in this place.
 D = Time resting spent in this place.
 E = Time spent auto-exploring this place.
 F = Levels seen in this place.
 G = Mean time per level.
                   A        B        C        D        E       F      G
               +--------+--------+--------+--------+--------+-----+--------+
         Total |   2900 |   2860 |     40 |    419 |   1642 |   4 |  725.0 |
       Dungeon |   2900 |   2860 |     40 |    419 |   1642 |   4 |  725.0 |
               +--------+--------+--------+--------+--------+-----+--------+

Top non-repeatable levels by time:
     D:1: 1185 daAuts
     D:3: 904 daAuts
     D:2: 606 daAuts
     D:4: 203 daAuts
